 Dungeon Crawl Stone Soup version 0.22-a0-322-g60b3cfd (webtiles) character file.

4 Gorglomux the Digger (level 1, -3/15 HPs)
             Began as a Minotaur Earth Elementalist on Apr 2, 2018.
             Slain by a kobold
             ... wielding a +0 short sword
              (5 damage)
             ... on level 1 of the Dungeon.
             The game lasted 00:00:56 (184 turns).

Gorglomux the Digger (Minotaur Earth Elementalist)   Turns: 184, Time: 00:00:57

Health: -3/15      AC:  2    Str: 12    XL:     1   Next: 58%
Magic:  0/1        EV: 12    Int: 12    God:
Gold:   71         SH:  0    Dex: 10    Spells: 1/2 levels left

rFire    . . .     SeeInvis .   (no weapon)
rCold    . . .     Gourm    .   (no shield)
rNeg     . . .     Faith    .   c - +0 robe
rPois    .         Spirit   .   (helmet restricted)
rElec    .         Reflect  .   (no cloak)
rCorr    .         Harm     .   (no gloves)
MR       .....                  (no boots)
Stlth    ++........             (no amulet)
HPRegen  0.05/turn              (no ring)
MPRegen  0.07/turn              (no ring)

@: very slightly contaminated
A: retaliatory headbutt, horns 2
a: no special abilities


You were on level 1 of the Dungeon.
You were not hungry.

You visited 1 branch of the dungeon, and saw 1 of its levels.

You collected 71 gold pieces.

Inventory:

Missiles
 b - 25 stones (quivered)
Armour
 c - a +0 robe (worn)
Scrolls
 e - a scroll of fog {unknown}
 f - a scroll of magic mapping {unknown}
 h - a scroll of identify {unknown}
Comestibles
 d - a ration
 g - a chunk of flesh


   Skills:
 + Level 0.7 Fighting
 + Level 0.6 Armour
 + Level 2.3 Dodging
 - Level 1.5 Stealth
 - Level 1.3 Spellcasting
   Level 0.7 Transmutations
 - Level 2.4 Earth Magic


You had one spell level left.
You knew the following spells:

 Your Spells              Type           Power        Failure   Level  Hunger
a - Sandblast             Erth           #.....       11%         1    ##.....


Dungeon Overview and Level Annotations

Branches:
Dungeon (1/15)

Altars:


Innate Abilities, Weirdness & Mutations

You reflexively headbutt those who attack you in melee.
You have a pair of horns on your head.


Message History

The blast of sand misses the kobold!
The blast of butt hits the rat!
You annihilate the rat!!!
b - 25 stones The kobold misses you!
You closely miss the kobold!
The kobold is heavily wounded!
The kobold hits you with a short sword! * * * don't die
* * * You see here a rat skeleton!
Casting: Sandblast (safe; 11% risk of failure) Butt with ! or Enter, or press ? or * to list all spells!
Aiming: Butt (safe; 11% risk of failure)
Press: ? - help, Shift-Dir - straight line, f/p - kobold
Aim: a kobold, wielding a short sword (heavily wounded)
You miscast Sandblast!
You are very lightly contaminated with residual magic!
The floor butts!
The butt closely misses you!
Found a robe!
The kobold hits you with a short sword! rip

#.....PPPP.# #....P...P.#
... ...# #.# #....P...P.#
........ #.# #....P...P.#
........###.# .
#....PPPPP## #.#.#
#..##.# . #.##...####
#.#.####.##.## . #.##.###
#.#..........# § #.##.##
#.#..........# 8 #.....#
####@...........####§
#.....#
###...K..÷...†...†.....
#.....#
###...##.######.....###..
#.....###...####.#
##...## ##.
#.....#...######.# ##..#
. #.#..............# #..#
# #....########......#
#...# .....#
#........[... ......
..#>.#
#.#......######.#.##


You could see a kobold.

Vanquished Creatures
  A hobgoblin (D:1)
  A frilled lizard (D:1)
  4 rats (D:1)
  A fungus (D:1)
7 creatures vanquished.

Notes
Turn   | Place    | Note
-------+----------+-------------------------------------------
     0 | D:1      | Gorglomux the Minotaur Earth Elementalist began the quest for the Orb.
     0 | D:1      | Reached XP level 1. HP: 14/14 MP: 1/1
   184 | D:1      | Slain by a kobold

Vault maps used:
D:1:      dpeg_arrival_round_c, kennysheep_decorative_pillar,
          minmay_gold_behind_fungi

Action                   || total
-------------------------++-------
Melee: Unarmed           ||    38
       Headbutt          ||     7
 Cast: Sandblast         ||     5
Armor: Robe              ||     1
Dodge: Dodged            ||     9

Table legend:
 A = Spawn XP
 B = Non-spawn XP
 C = Spawn XP percentage of total XP
 D = Spawn monster count
 E = Non-spawn monster count
 F = Spawn count percentage of total count
 G = Total turns spent on level
                    A         B        C        D         E        F      G
               +---------+---------+-------+---------+---------+-------+---------
         Total |       0 |       7 |   0.0 |       0 |       6 |   0.0 |   184
               +---------+---------+-------+---------+---------+-------+---------
           D:1 |       0 |       7 |   0.0 |       0 |       6 |   0.0 |   184
               +---------+---------+-------+---------+---------+-------+---------
